 Dungeon Crawl Stone Soup version 0.23.2-40-g277498a001 (webtiles) character file.

Game seed: 18081223706288583394

46666 Curus the Black Belt (level 14, -2/139 HPs)
             Began as a Merfolk Transmuter on Oct 1, 2019.
             Was the Champion of Okawaru.
             Slain by a basilisk (12 damage)
             ... on level 6 of the Lair of Beasts on Oct 2, 2019.
             The game lasted 02:07:51 (16772 turns).

Curus the Black Belt (Merfolk Transmuter)          Turns: 16772, Time: 02:07:52

Health: -2/139     AC:  9    Str: 11    XL:     14   Next: 38%
Magic:  19/19      EV: 11    Int: 16    God:    Okawaru [******]
Gold:   456        SH:  0    Dex: 19    Spells: 7/20 levels left

rFire    x . .     SeeInvis .     - Unarmed
rCold    + + +     Gourm    .   (shield currently unavailable)
rNeg     + . .     Faith    .   (armour currently unavailable)
rPois    +         Spirit   .   (helmet currently unavailable)
rElec    .         Reflect  .   (cloak currently unavailable)
rCorr    +         Harm     .   (gloves currently unavailable)
MR       +....                  (boots currently unavailable)
Stlth    ++........             J - amulet of regeneration
HPRegen  0.73/turn              x - ring of the Two Names {rN+ AC+2 Dex+4}
MPRegen  0.16/turn              w - ring of resist corrosion

@: ice-form, petrifying (expiring), very slow
A: large, (change form in water), (swift swim), (stealthy swim)
a: End Transformation, Heroism, Finesse, Renounce Religion


You were on level 6 of the Lair of Beasts.
You worshipped Okawaru.
Okawaru was exalted by your worship.
You were hungry.
You were a creature of crystalline ice.
You visited 2 branches of the dungeon, and saw 17 of its levels.

You collected 1288 gold pieces.
You spent 832 gold pieces at shops.

Inventory:

Missiles
 a - 367 arrows
Armour
 b - a +1 robe
 e - a +3 leather armour of cold resistance
 g - a +2 pair of gloves (melded)
 j - a +2 hat
 B - the +0 helmet of Okawaru's Condemnation (melded) {rPois Str+4}
   (Okawaru gifted it to you on level 1 of the Lair of Beasts)

   It affects your strength (+4).
   It protects you from poison.
 C - a +2 helmet
 L - the +0 cloak of Gestures (melded) {rElec Str+9}
   (Okawaru gifted it to you on level 6 of the Lair of Beasts)

   It affects your strength (+9).
   It insulates you from electricity.
 O - a +0 troll leather armour (melded)
Jewellery
 c - an uncursed ring of positive energy
 p - an uncursed ring of wizardry
 r - a cursed ring of teleportation
 u - an uncursed ring of ice
 w - a ring of resist corrosion (right front paw)
 x - the ring of the Two Names (left front paw) {rN+ AC+2 Dex+4}
   (You bought it in a shop on level 5 of the Dungeon)

   [ring of protection]

   It affects your AC (+2).
   It affects your dexterity (+4).
   It protects you from negative energy.
 z - an uncursed ring of ice
 A - an uncursed ring of protection from magic
 G - an uncursed amulet of the acrobat
 H - an uncursed ring of positive energy
 J - an amulet of regeneration (around neck)
 K - an uncursed ring of fire
Wands
 q - a wand of acid (2)
 s - a wand of disintegration (17)
 v - a wand of paralysis (8)
 I - a wand of flame (10)
 P - a wand of random effects (5)
Scrolls
 h - 2 scrolls of magic mapping
 m - 22 scrolls of identify
 t - 5 scrolls of remove curse
 y - 5 scrolls of teleportation
 D - a scroll of holy word
 Q - a scroll of fog
Potions
 f - 6 potions of flight
 i - 3 potions of curing
 k - 3 potions of degeneration
 l - 2 potions of agility
 n - 2 potions of resistance
 o - 2 potions of haste
 E - 3 potions of invisibility
 F - 2 potions of brilliance
 N - 2 potions of heal wounds
Comestibles
 d - 27 rations


   Skills:
 + Level 12.5 Fighting
 + Level 14.8 Dodging
 - Level 15.0 Unarmed Combat
 - Level 3.6 Spellcasting
 - Level 11.3 Transmutations
 - Level 5.8 Ice Magic
 - Level 3.6 Poison Magic
 - Level 5.0 Invocations


You had 7 spell levels left.
You knew the following spells:

 Your Spells              Type           Power        Failure   Level  Hunger
a - Beastly Appendage     Tmut           #####.       1%          1    None
b - Spider Form           Tmut/Pois      ####......   2%          3    ###....
c - Blade Hands           Tmut           #####.....   4%          5    ######.
d - Ice Form              Ice/Tmut       ####....     4%          4    ####...

Your spell library contained the following spells:

 Spells                   Type           Power        Failure   Level  Hunger
 Sticks to Snakes         Tmut           #####...     1%          2    ##.....
 Ensorcelled Hibernation  Hex/Ice        ##....       8%          2    ##.....
 Corona                   Hex            #......      19%         1    None
 Flame Tongue             Conj/Fire      #....        19%         1    None
 Corpse Rot               Necr           N/A          26%         2    ##.....
 Throw Flame              Conj/Fire      #.....       26%         2    ##.....
 Hydra Form               Tmut           #####.....   26%         6    #######
 Confuse                  Hex            #.......     47%         3    ###....
 Conjure Flame            Conj/Fire      #.......     47%         3    ###....
 Dazzling Spray           Conj/Hex       #.....       47%         3    ###....
 Inner Flame              Hex/Fire       #.......     47%         3    ###....
 Stone Arrow              Conj/Erth      #.....       47%         3    ###....
 Tukima's Dance           Hex            #.......     47%         3    ###....
 Leda's Liquefaction      Hex/Erth       #.........   87%         4    ####...
 Sticky Flame             Conj/Fire      #.......     87%         4    ####...
 Fireball                 Conj/Fire      #.........   99%         5    ######.
 Summon Forest            Summ/Tloc      #.........   99%         5    ######.
 Summon Hydra             Summ           #.........   100%        7    #######


Dungeon Overview and Level Annotations

Branches:
Dungeon (11/15)            Temple (0/1) D:5            Lair (5/6) D:11
 Shoals (0/4) Lair:4        Snake (0/4) Lair:2          Orc (0/2) D:9
  Slime: Lair:5-6

Altars:
Fedhas
Kikubaaqudgha
Nemelex Xobeh
Okawaru
Qazlal
Sif Muna
Trog
Vehumet
Wu Jian
Xom
Yredelemnul

Shops:
D:5 =

Annotations:
D:10 1 runed translucent door


Message History

You punch the dream sheep! You freeze the dream sheep.
You kill the dream sheep!
Okawaru accepts your kill.
Evoke which item? (* to show all) (? for menu, Esc to quit)
Aiming: Corrosive Bolt
Press: ? - help, Shift-Dir - straight line, f - basilisk
Aim: a basilisk The bolt of acid misses the basilisk.
The basilisk gazes at you.
You are slowing down.
The basilisk bites you!
* * * LOW HITPOINT WARNING * * *
The basilisk barely misses you.
Your limbs are stiffening.
Items here: ††††† an elephant corpse; a dream sheep corpse; a crocodile corpse a dream sheep corpse; a hippogriff corpse You hit the basilisk.
The basilisk seems to slow down.
You freeze the basilisk.
The basilisk is lightly wounded.
The basilisk bites you!!
You die...

####.P.............
####...........÷...tY.
##..............#
##.P............##
###...####.......##
##..÷### ###.P...#
##.÷P###### ##...##
#P...###..## #.l##
P...##....(## ##Y#
....#.8.8.|.####.#
.†.##..÷....)##P.##
...#.........##.P.#
..##.8..8÷.8.}#...##
..#......8.÷.##P†..#
..#....##....#....P#
.♣#..##.#..8.#...P.#
..#...###....#.....#


You could see a basilisk.

Vanquished Creatures
  Gastronok (D:9)
  Fannar (D:10)
  3 hydras
  A catoblepas (Lair:6)
  2 two-headed ogres
  6 death yaks
  A deep troll shaman (Lair:6)
  2 ugly things
  2 cyclopes (D:11)
  17 elephants
  2 black mambas (Lair:2)
  5 spiny frogs
  Joseph (Lair:1)
  2 rime drakes (Lair:1)
  7 komodo dragons
  A kobold demonologist (D:11)
  3 polar bears
  A merfolk (D:9)
  A troll (D:8)
  2 hornets (D:9)
  7 dream sheep (Lair:6)
  19 blink frogs
  8 hippogriffs
  Sigmund (D:3)
  A shadow (D:8)
  A wraith (D:10)
  3 basilisks
  2 wyverns
  32 yaks
  2 hungry ghosts (D:9)
  3 wargs (D:11)
  4 nagas (Lair:2)
  8 porcupines
  10 water moccasins
  2 ice beasts
  2 black bears
  A necrophage (D:9)
  7 orc warriors
  2 phantoms
  12 wolves
  8 centaurs
  9 ogres
  7 crocodiles
  17 bullfrogs
  4 scorpions
  An electric eel (Lair:4)
  8 crimson imps
  2 centaur zombies (D:11)
  7 hounds
  2 quasits (D:8)
  13 orc priests
  A bullfrog skeleton (D:11)
  4 jellies
  Jessica (D:2)
  Ijyb (D:5)
  2 centaur skeletons
  4 iguanas
  17 orc wizards
  Terence (D:2)
  7 worker ants
  A hound skeleton (D:7)
  A worker ant zombie (D:7)
  7 gnolls
  9 adders
  A howler monkey skeleton (D:4)
  3 shadow imps (D:8)
  An ooze (D:1)
  An adder skeleton (D:6)
  2 worms (D:3)
  5 dart slugs
  2 leopard geckos
  75 orcs
  2 ball pythons
  7 giant cockroaches
  7 goblins
  5 hobgoblins
  10 jackals
  4 quokkas
  8 bats
  7 frilled lizards
  A giant cockroach zombie (D:6)
  A jackal skeleton (D:5)
  A jackal zombie (D:10)
  10 kobolds
  A leopard gecko zombie (D:8)
  5 rats
481 creatures vanquished.

Vanquished Creatures (others)
  2 fungi (Lair:6)
  4 plants (Lair:6)
6 creatures vanquished.

Grand Total: 487 creatures vanquished

Notes
Turn   | Place    | Note
-------+----------+-------------------------------------------
     0 | D:1      | Curus the Merfolk Transmuter began the quest for the Orb.
     0 | D:1      | Reached XP level 1. HP: 15/15 MP: 3/3
   120 | D:1      | Reached XP level 2. HP: 21/21 MP: 5/5
   148 | D:1      | Reached skill level 4 in Unarmed Combat
   469 | D:1      | Reached XP level 3. HP: 26/26 MP: 6/6
   474 | D:1      | Learned a level 3 spell: Spider Form
   797 | D:2      | Found an iron altar of Okawaru.
   804 | D:2      | Became a worshipper of Warmaster Okawaru
   863 | D:2      | Reached skill level 1 in Poison Magic
  1102 | D:2      | Noticed Terence
  1117 | D:2      | Killed Terence
  1117 | D:2      | Reached XP level 4. HP: 23/32 MP: 3/7
  1283 | D:2      | Noticed Jessica
  1290 | D:2      | Killed Jessica
  1290 | D:2      | Reached XP level 5. HP: 37/37 MP: 6/8
  1795 | D:3      | Reached skill level 5 in Transmutations
  1802 | D:3      | Reached * piety under Okawaru
  1802 | D:3      | Reached XP level 6. HP: 33/43 MP: 6/9
  2042 | D:3      | Noticed Sigmund
  2050 | D:3      | Killed Sigmund
  2050 | D:3      | Reached skill level 6 in Unarmed Combat
  2564 | D:4      | Reached XP level 7. HP: 48/48 MP: 6/10
  2600 | D:4      | Reached ** piety under Okawaru
  2624 | D:4      | Reached skill level 7 in Unarmed Combat
  2736 | D:4      | Found a sparkling altar of Nemelex Xobeh.
  2771 | D:4      | Found an ornate altar of the Wu Jian Council.
  3138 | D:4      | Found a shimmering altar of Xom.
  3186 | D:5      | Entered Level 5 of the Dungeon
  3210 | D:5      | Found a staircase to the Ecumenical Temple.
  3275 | D:5      | Reached skill level 8 in Unarmed Combat
  3314 | D:5      | Noticed Ijyb
  3323 | D:5      | Killed Ijyb
  3367 | D:5      | Found a stormy altar of Qazlal.
  3410 | D:5      | Found Ilucinos's Jewellery Boutique.
  3423 | D:5      | Reached XP level 8. HP: 44/54 MP: 7/11
  3438 | D:5      | Bought a cursed ring of teleportation for 58 gold pieces
  3768 | D:6      | Reached skill level 9 in Unarmed Combat
  4070 | D:6      | Reached skill level 10 in Unarmed Combat
  4080 | D:6      | Learned a level 5 spell: Blade Hands
  4094 | D:6      | Found a deep blue altar of Sif Muna.
  4290 | D:6      | Reached *** piety under Okawaru
  4641 | D:6      | Reached XP level 9. HP: 52/59 MP: 12/12
  5065 | D:7      | Learned a level 4 spell: Ice Form
  5272 | D:7      | Reached skill level 1 in Ice Magic
  5523 | D:7      | Reached **** piety under Okawaru
  5523 | D:7      | Reached skill level 5 in Dodging
  6149 | D:8      | Reached XP level 10. HP: 53/65 MP: 12/14
  6514 | D:8      | Reached skill level 10 in Dodging
  6526 | D:8      | Noticed a two-headed ogre
  6543 | D:8      | Reached ***** piety under Okawaru
  6548 | D:8      | Noticed a green ugly thing
  6557 | D:8      | Killed a two-headed ogre
  6557 | D:8      | Received a gift from Okawaru
  6617 | D:8      | Killed a green ugly thing
  7075 | D:9      | Noticed Gastronok
  7146 | D:9      | Noticed a two-headed ogre
  7155 | D:9      | Killed a two-headed ogre
  7155 | D:9      | Reached skill level 10 in Transmutations
  7225 | D:9      | Killed Gastronok
  7225 | D:9      | Received a gift from Okawaru
  7225 | D:9      | Reached skill level 5 in Ice Magic
  7225 | D:9      | Reached XP level 11. HP: 35/70 MP: 5/15
  7410 | D:9      | Reached ****** piety under Okawaru
  7480 | D:9      | Reached skill level 11 in Unarmed Combat
  7491 | D:9      | Found an ancient bone altar of Kikubaaqudgha.
  7952 | D:9      | Found a radiant altar of Vehumet.
  7972 | D:9      | Received a gift from Okawaru
  8388 | D:9      | Found a staircase to the Orcish Mines.
  8544 | D:5      | Bought the ring of the Two Names {rN+ AC+2 Dex+4} for 384
                  | gold pieces
  8708 | D:10     | Entered Level 10 of the Dungeon
  8711 | D:10     | Noticed Fannar
  8748 | D:10     | Killed Fannar
  8748 | D:10     | Reached skill level 12 in Unarmed Combat
  9079 | D:10     | Found a runed translucent door.
  9089 | D:10     | Found a basalt altar of Yredelemnul.
 10128 | D:11     | Reached skill level 13 in Unarmed Combat
 10213 | D:11     | Received a gift from Okawaru
 10222 | D:11     | Noticed a cyclops
 10234 | D:11     | Killed a cyclops
 10234 | D:11     | Reached XP level 12. HP: 63/76 MP: 13/16
 10281 | D:11     | Found a bloodstained altar of Trog.
 10357 | D:11     | Found a staircase to the Lair.
 10436 | D:11     | Reached skill level 14 in Unarmed Combat
 10988 | D:11     | Found a blossoming altar of Fedhas.
 11028 | Lair:1   | Entered Level 1 of the Lair of Beasts
 11593 | D:11     | Reached skill level 15 in Unarmed Combat
 12255 | Lair:1   | Received a gift from Okawaru
 12260 | Lair:1   | Got a shimmering helmet {god gift}
 12323 | Lair:1   | Identified the +0 helmet of Okawaru's Condemnation {rPois
                  | Str+4} (Okawaru gifted it to you on level 1 of the Lair of
                  | Beasts)
 12352 | Lair:1   | Noticed Joseph
 12361 | Lair:1   | Killed Joseph
 12361 | Lair:1   | Reached skill level 5 in Fighting
 13259 | Lair:2   | Found a staircase to the Snake Pit.
 13267 | Lair:2   | Reached XP level 13. HP: 82/98 MP: 17/17
 13486 | D:5      | Bought an uncursed amulet of regeneration for 390 gold
                  | pieces
 13946 | Lair:2   | Reached skill level 10 in Fighting
 14042 | Lair:2   | Reached skill level 1 in Invocations
 14471 | Lair:3   | Reached skill level 5 in Invocations
 14584 | Lair:3   | Received a gift from Okawaru
 15105 | Lair:3   | Found a radiant altar of Vehumet.
 15918 | Lair:4   | Found a staircase to the Shoals.
 16258 | Lair:5   | You fall through a shaft!
 16258 | Lair:6   | Entered Level 6 of the Lair of Beasts
 16268 | Lair:6   | Reached XP level 14. HP: 108/113 MP: 14/19
 16285 | Lair:6   | Received a gift from Okawaru
 16287 | Lair:6   | Got a faintly humming cloak {god gift}
 16306 | Lair:6   | Identified the +0 cloak of Gestures {rElec Str+9} (Okawaru
                  | gifted it to you on level 6 of the Lair of Beasts)
 16772 | Lair:6   | Slain by a basilisk

Skill      XL: |  1  2  3  4  5  6  7  8  9 10 11 12 13 14 |
---------------+-------------------------------------------+-----
Unarmed Combat | 4 6 8 10 13 15 | 15.0
Transmutations | 3 4 5 8 9 11 | 11.3
Poison Magic   | 1 2 3 |  3.6
Spellcasting   | 3 |  3.6
Ice Magic      | 1 5 |  5.8
Dodging        | 8 12 13 14 | 14.8
Fighting       | 8 11 12 | 12.5
Invocations    | 5 |  5.0

Action                   |  1- 3 |  4- 6 |  7- 9 | 10-12 | 13-15 || total
-------------------------+-------+-------+-------+-------+-------++-------
Melee: Unarmed           |    97 |   145 |   357 |   686 |   402 ||  1687
       Headbutt          |     3 |     7 |    17 |    14 |       ||    41
       Punch             |     1 |     4 |     8 |    14 |    21 ||    48
       Tailslap          |       |       |       |       |     3 ||     3
 Cast: Beastly Appendage |     4 |     9 |    15 |     6 |       ||    34
       Spider Form       |       |     4 |    11 |     7 |       ||    22
       Ice Form          |       |       |     1 |    13 |     9 ||    23
       Blade Hands       |       |       |       |     9 |     7 ||    16
Invok: Heroism           |       |       |     1 |     7 |     2 ||    10
 Abil: End Transformatio |       |       |       |       |     1 ||     1
Evoke: Wand              |       |       |       |     4 |     2 ||     6
  Use: Potion            |     3 |     4 |     2 |     8 |     1 ||    18
       Scroll            |     2 |     5 |     6 |     6 |     2 ||    21
 Stab: Sleeping          |     3 |     2 |     3 |       |       ||     8
       Distracted        |       |       |       |     1 |       ||     1
       Petrified         |       |       |       |       |     8 ||     8
  Eat: Chunk             |     1 |     5 |    14 |    24 |    15 ||    59
       Ration            |       |       |       |     4 |       ||     4
Armor: Robe              |     7 |       |       |       |       ||     7
       Leather armour    |    14 |    22 |    59 |    56 |    47 ||   198
       Skin              |       |       |    14 |    45 |    14 ||    73
       Troll leather arm |       |       |       |       |     9 ||     9
Dodge: Dodged            |    40 |    92 |   246 |   561 |   358 ||  1297
